 Dungeon Crawl Stone Soup version 0.32-a0-918-g0f22ef8d61 (webtiles) character file.

Game seed: 4144437928530301760

7983 smashvw the Spear-Bearer (level 11, -4/99 HPs)
             Began as a Minotaur Monk on Apr 10, 2024.
             Was a Priest of Beogh.
             Slain by a guardian serpent (14 damage)
             ... on level 2 of the Abyss.
             The game lasted 00:18:38 (9643 turns).

smashvw the Spear-Bearer (Minotaur Monk)            Turns: 9643, Time: 00:18:39

Health: -4/99      AC: 20    Str: 21    XL:     11   Next: 3%
Magic:  11/11      EV:  7    Int:  7    God:    Beogh [***...]
Gold:   537        SH:  6    Dex: 18    Spells: 10/10 levels left

rFire   . . .        u - +0 trident
rCold   . . .        s - +0 buckler
rNeg    . . .        q - +0 plate armour
rPois   .            (helmet restricted)
rElec   .            i - +0 cloak
rCorr   .            (no gloves)
SInv    .            b - +2 pair of boots
Will    .....        (no amulet) Stlth
                     d - +6 ring of dexterity
HPRegen 0.36/turn    (no ring)
MPRegen 0.12/turn

%: no passive effects
@: lethally poisoned (-4 -> -12), slowed, very slow
A: horns 2, retaliatory headbutt, iridescent scales 1, low MP 1
a: Renounce Religion, Smiting, Recall Apostles, Dismiss Wargath, wizard


You were on level 2 of the Abyss.
You worshipped Beogh.
Beogh was most pleased with you.
You visited 1 branch of the dungeon, and saw 10 of its levels.
You visited the Abyss 1 time.

You collected 537 gold pieces.

Inventory:

Hand Weapons
 u - a +0 trident (weapon)
Missiles
 l - a throwing net (quivered)
Armour
 b - a +2 pair of boots (worn)
 i - a +0 cloak (worn)
 q - a +0 plate armour (worn)
 s - a +0 buckler (worn)
Jewellery
 a - an amulet of the acrobat
 d - a +6 ring of dexterity (left hand)
Wands
 g - a wand of paralysis (10)
 k - a wand of flame (42)
 y - a wand of roots (9)
Scrolls
 f - 3 scrolls of teleportation
 h - a scroll of vulnerability
 m - a scroll of revelation
 n - 2 scrolls of fog
 o - 2 scrolls of noise
 r - a scroll of butterflies
 z - 2 scrolls of enchant armour {unknown}
 B - a scroll of brand weapon
 C - a scroll of enchant weapon
Potions
 c - a potion of ambrosia
 e - a potion of curing {unknown}
 j - 2 potions of mutation
 p - 3 potions of heal wounds
 t - a potion of haste
 v - a potion of lignification {unknown}
 w - a potion of cancellation {unknown}
 x - 2 potions of might {unknown}
 A - a potion of attraction
 D - 2 potions of magic {unknown}
 E - a potion of invisibility {unknown}


   Skills:
 - Level 10.0 Fighting
 - Level 14.0 Polearms
 + Level 9.0 Armour
 - Level 3.2 Dodging
 - Level 6.0 Shields
 + Level 4.0 Invocations


You had 10 spell levels left.
You didn't know any spells.
Your spell library contained the following spells:

 Spells                   Type           Power      Damage    Failure   Level
 Necrotise                Necr           0%         1d4       100%        1
 Mercury Vapours          Alch/Air       0%         N/A       100%        2
 Inner Flame              Hex/Fire       0%         N/A       100%        3
 Mephitic Cloud           Conj/Alch/Air  0%         N/A       100%        3
 Vampiric Draining        Necr           0%         2d6       100%        3
 Flame Wave               Conj/Fire      0%         2d4       100%        4
 Martyr's Knell           Necr/Summ      0%         N/A       100%        4
 Sticky Flame             Fire/Alch      0%         2d4       100%        4
 Curse of Agony           Necr           0%         N/A       100%        5
 Freezing Cloud           Conj/Ice/Air   0%         6-21      100%        5


Dungeon Overview and Level Annotations

Branches:
Dungeon (10/15)            Temple (0/1) D:6            Lair (0/5) D:9
    Orc: D:9-12

Altars:
Ashenzari
Cheibriados
Fedhas
Gozag
Kikubaaqudgha
Makhleb
Qazlal
Sif Muna
Vehumet
Wu Jian
The Shining One

Shops:
D:3 *   D:9 (

Annotations:
D:3 1 runed translucent door, Crazy Yiuf
D:10 Sonja


Innate Abilities, Weirdness & Mutations

Your facial features look somewhat orcish.
You have a pair of horns on your head.
You reflexively headbutt those who attack you in melee.
You are partially covered in iridescent scales. (AC +2)
Your magical capacity is low. (-10% MP)


Message History

The white imp gestures at you. The puff of frost hits you.
The guardian serpent casts a spell at you.
The bolt of poison hits you!
You are poisoned.
The white imp grinds its teeth.
The white imp gestures at you. The puff of frost hits you.
You feel extremely sick.
The guardian serpent casts a spell at you.
The bolt of poison hits you!
You are more poisoned.
The white imp gestures at you. The puff of frost hits you.
A large abomination comes into view.
You feel extremely sick.
The guardian serpent casts a spell at you.
The white imp blinks!
You feel very sick. The white imp gestures at you. The puff of frost hits you!
The guardian serpent coils itself and waves its upper body at you.
The bolt of poison hits you.
You are more poisoned.
* * * LOW HITPOINT WARNING * * *
You feel extremely sick.
The guardian serpent attacks as it pursues you!
The guardian serpent completely misses you.
The guardian serpent barely misses you.
You feel very sick.
The guardian serpent attacks as it pursues you!
You block the guardian serpent's attack.
The guardian serpent hits you!
* * * LOW HITPOINT WARNING * * *
The white imp hits you but does no damage.
* * * LOW HITPOINT WARNING * * *
You feel very sick.
The guardian serpent attacks as it pursues you!
The guardian serpent hits you!
You die...

#.
######..
##..#..#
#.....
#...#
#@#
#...S#
#..5.#
#...X#
###...
.#..
#..# .##


You could see a large abomination, a guardian serpent and a white imp.

Vanquished Creatures
  A two-headed ogre (D:9)
  2 hornets
  Prince Ribbit (D:8)
  A wyvern (D:9)
  8 yaks
  A basilisk (D:9)
  4 water moccasins
  3 orc warriors
  Pargi (D:3)
  5 sky beasts
  An ice beast (D:6)
  5 ogres
  2 black bears
  6 centaurs
  A phantom (D:4)
  A kobold brigand (D:8)
  3 scorpions
  8 wights
  An electric eel (D:7)
  2 bombardier beetles (D:5)
  A howler monkey (D:9)
  2 jellies (D:6)
  An orc priest (D:9)
  5 hounds
  2 iguanas (D:4)
  2 scorpion zombies (D:4)
  2 sleepcaps
  2 orc wizards
  A hound zombie (D:4)
  7 gnolls
  13 adders
  2 white imps
  2 ufetubi (D:6)
  3 adder zombies (D:4)
  An adder skeleton (D:4)
  2 ribbon worms (D:2)
  3 dart slugs
  13 orcs
  6 ball pythons
  4 endoplasms
  4 giant cockroaches
  8 goblins
  6 hobgoblins
  2 jackals (D:1)
  3 quokkas
  3 bats
  A frilled lizard (D:1)
  10 kobolds
  4 rats
172 creatures vanquished.

Vanquished Creatures (collateral kills)
  A two-headed ogre (D:9)
  A death yak (D:9)
  A yak (D:9)
  An orc (D:9)
4 creatures vanquished.

Vanquished Creatures (others)
  An orc wizard (D:9)
  2 orcs (D:8)
  66 foxfires
69 creatures vanquished.

Grand Total: 245 creatures vanquished

Notes
Turn   | Place    | Note
-------+----------+-------------------------------------------
     0 | D:1      | smashvw the Minotaur Monk began the quest for the Orb.
     0 | D:1      | Reached XP level 1. HP: 19/19 MP: 0/0
   232 | D:1      | Reached skill level 4 in Polearms
   471 | D:1      | Reached XP level 2. HP: 25/27 MP: 1/1
   826 | D:2      | Reached XP level 3. HP: 30/34 MP: 2/2
  1480 | D:3      | Noticed Pargi
  1491 | D:3      | Killed Pargi
  1492 | D:3      | Reached skill level 5 in Fighting
  1492 | D:3      | Reached skill level 6 in Polearms
  1492 | D:3      | Reached XP level 4. HP: 38/42 MP: 3/3
  1492 | D:3      | Reached XP level 5. HP: 43/48 MP: 4/4
  1653 | D:3      | Found a burning altar of Makhleb.
  1693 | D:3      | Gained mutation: You are frail. (-10% HP) [potion of
                  | mutation]
  1693 | D:3      | Gained mutation: You have a pair of large horns on your
                  | head. [potion of mutation]
  1693 | D:3      | Gained mutation: You have sharp fingernails. [potion of
                  | mutation]
  1825 | D:3      | Lost mutation: You have a pair of large horns on your head.
                  | [potion of mutation]
  1825 | D:3      | Lost mutation: You are frail. (-10% HP) [potion of
                  | mutation]
  1825 | D:3      | Gained mutation: You have hidden genetic defects. [potion
                  | of mutation]
  1826 | D:3      | Lost mutation: You have hidden genetic defects. [potion of
                  | mutation]
  1826 | D:3      | Lost mutation: You have sharp fingernails. [potion of
                  | mutation]
  1826 | D:3      | Gained mutation: Your magical capacity is low. (-10% MP)
                  | [potion of mutation]
  1826 | D:3      | Gained mutation: You are partially covered in iridescent
                  | scales. (AC +2) [potion of mutation]
  1884 | D:3      | Found Iqososil's Assorted Antiques.
  1906 | D:3      | Reached skill level 7 in Polearms
  2140 | D:3      | Found a runed translucent door.
  2141 | D:3      | Noticed Crazy Yiuf
  2358 | D:4      | Noticed an ogre
  2366 | D:4      | Killed an ogre
  2367 | D:4      | Reached XP level 6. HP: 7/56 MP: 4/4
  2566 | D:4      | Reached skill level 8 in Polearms
  2867 | D:4      | Reached skill level 9 in Polearms
  2867 | D:4      | Reached XP level 7. HP: 59/61 MP: 5/5
  3067 | D:4      | Found a stormy altar of Qazlal.
  3069 | D:4      | Found a broken altar of Ashenzari.
  3370 | D:4      | Reached skill level 10 in Polearms
  3512 | D:5      | Entered Level 5 of the Dungeon
  4084 | D:5      | You fall into a shaft and drop 2 floors!
  4091 | D:7      | Noticed a hornet
  4111 | D:7      | Killed a hornet
  4112 | D:7      | Reached skill level 11 in Polearms
  4112 | D:7      | Reached XP level 8. HP: 61/68 MP: 6/6
  4252 | D:6      | Became a worshipper of Beogh the Shepherd
  4252 | D:6      | Reached * piety under Beogh
  4252 | D:6      | Reached ** piety under Beogh
  4533 | D:5      | Found an ancient bone altar of Kikubaaqudgha.
  4533 | D:5      | Found a radiant altar of Vehumet.
  4810 | D:5      | Reached skill level 12 in Polearms
  4810 | D:5      | Reached skill level 5 in Shields
  5396 | D:6      | Found an opulent altar of Gozag.
  5408 | D:6      | Reached XP level 9. HP: 74/74 MP: 7/7
  5518 | D:6      | Found a staircase to the Ecumenical Temple.
  5864 | D:7      | Reached skill level 13 in Polearms
  5989 | D:7      | Found a snail-covered altar of Cheibriados.
  6153 | D:7      | Found an ornate altar of the Wu Jian Council.
  6532 | D:7      | Reached skill level 14 in Polearms
  6532 | D:7      | Reached skill level 1 in Armour
  7334 | D:8      | Noticed Prince Ribbit
  7342 | D:8      | Killed Prince Ribbit
  7519 | D:8      | Reached *** piety under Beogh
  7543 | D:8      | Noticed Wargath
  7577 | D:8      | Anointed Wargath the wizard as your apostle
  8067 | D:9      | Reached skill level 5 in Armour
  8093 | D:9      | Reached XP level 10. HP: 86/86 MP: 8/8
  8119 | D:9      | Noticed a two-headed ogre
  8122 | D:9      | Noticed a death yak
  8127 | D:9      | Killed a two-headed ogre
  8138 | D:9      | Killed a death yak
  8141 | D:9      | Found a staircase to the Lair.
  8145 | D:9      | Noticed a two-headed ogre
  8161 | D:9      | Killed a two-headed ogre
  8162 | D:9      | Reached skill level 1 in Invocations
  8407 | D:9      | Found Muyddak's Weapon Shoppe.
  8548 | D:9      | Found a glowing golden altar of the Shining One.
  8568 | D:9      | Found a blossoming altar of Fedhas.
  8573 | D:9      | Paralysed by a hornet for 3 turns
  8579 | D:9      | Reached skill level 10 in Fighting
  8766 | D:9      | Found a shimmering blue altar of Sif Muna.
  8979 | D:10     | Entered Level 10 of the Dungeon
  9349 | D:10     | Reached XP level 11. HP: 48/99 MP: 11/11
  9567 | D:10     | Noticed Sonja
  9568 | Abyss:2  | Cast into level 2 of the Abyss (Sonja)
  9616 | Abyss:2  | Found a corrupted altar of Lugonu.
  9617 | Abyss:2  | Found a corrupted altar of Lugonu.
  9622 | Abyss:2  | Found a corrupted altar of Lugonu.
  9639 | Abyss:2  | Noticed a large abomination
  9643 | Abyss:2  | Slain by a guardian serpent

Illustrated notes

Levels and vault maps discovered:
D:1:      mrwooster_arrival_statue, layout_basic
D:2:      layout_basic
D:3:      layout_loops_ring, bloody_makhleb, serial_shops,
          nicolae_shop_overgrown_old_shop, uniq_crazy_yiuf_cottage, uniq_pargi
D:4:      layout_loops_cross, chequers_temple_overflow_statue_of_worship,
          serial_undead, serial_undead_f, serial_undead_e, serial_undead_e,
          serial_undead_a, minmay_bent
D:5:      layout_basic, gammafunk_temple_overflow_pools
D:6:      layout_loops_ring, lemuel_crystal_altar,
          minmay_temple_entry_antechambers, serial_bayou_pond_c
D:7:      layout_cave_pools, mainiacjoe_overflow_paths, kennysheep_slug_shrine,
          chequers_serial_rivers_micro_a, serial_bayou_lake_a
D:8:      layout_basic, uniq_prince_ribbit1
D:9:      layout_rooms, jmf_multi_god_temple2, led_sif_book, david_lair_generic,
          serial_shops, shop
D:10:     layout_basic, hex_tiny, evilmike_butchery, uniq_sonja
Abyss:2:  base: D:7, hangedman_illusive_loot

Skill      XL: |  1  2  3  4  5  6  7  8  9 10 11 |
---------------+----------------------------------+-----
Fighting       | 4 5 7 10 | 10.0
Polearms       | 4 6 7 9 11 12 14 | 14.0
Shields        | 2 6 |  6.0
Armour         | 5 9 |  9.0
Invocations    | 3 4 |  4.0
Dodging        | |  3.2

Action                     |  1- 3 |  4- 6 |  7- 9 | 10-12 || total
---------------------------+-------+-------+-------+-------++-------
  Melee: Spear             |    72 |   143 |   228 |       ||   443
         Headbutt          |    17 |    24 |    70 |    23 ||   134
         Trident           |       |       |   226 |   109 ||   335
 Invoke: Convert to Beogh  |       |       |     1 |       ||     1
         Recruit Apostle   |       |       |     1 |       ||     1
         Smiting           |       |       |       |     1 ||     1
    Use: Scroll            |     1 |       |     5 |     2 ||     8
         Potion            |       |     5 |     2 |     1 ||     8
   Stab: Distracted        |       |       |     2 |       ||     2
 Armour: Robe              |    17 |       |       |       ||    17
         Chain mail        |    11 |    61 |    14 |       ||    86
         Plate armour      |       |       |   198 |    84 ||   282
  Dodge: Dodged            |    32 |    32 |    38 |    22 ||   124
  Block: Buckler           |       |       |    41 |    18 ||    59

Table legend: (Time is in decaauts)
 A = Elapsed time spent in this place.
 B = Non-inter-level travel time spent in this place.
 C = Inter-level travel time spent in this place.
 D = Time resting spent in this place.
 E = Time spent auto-exploring this place.
 F = Levels seen in this place.
 G = Mean time per level.
                   A        B        C        D        E       F      G
               +--------+--------+--------+--------+--------+-----+--------+
         Total |   9409 |   9194 |    215 |    241 |   7714 |  11 |  855.4 |
       Dungeon |   9325 |   9110 |    215 |    241 |   7714 |  10 |  932.5 |
         Abyss |     83 |     83 |      0 |      0 |      0 |   1 |   83.0 |
               +--------+--------+--------+--------+--------+-----+--------+

Top non-repeatable levels by time:
     D:8: 1216 daAuts
     D:5: 1213 daAuts
     D:4: 1120 daAuts
     D:6: 1012 daAuts
     D:7: 977 daAuts
     D:3: 963 daAuts
     D:9: 889 daAuts
     D:1: 728 daAuts
     D:2: 623 daAuts
    D:10: 580 daAuts
 Abyss:2: 83 daAuts
